 Dungeon Crawl Stone Soup version 0.30.1-11-g7821555f0a (webtiles) character file.

Game seed: 5626365527399958224

73306 Renzlar the Blocker (level 15, 0/121 HPs)
             Began as a Gnoll Fighter on Nov 21, 2023.
             Was the Champion of Okawaru.
             Slain by a profane servitor
             ... wielding a +1 whip
              (7 damage)
             ... on level 2 of the Abyss.
             The game lasted 01:40:29 (17255 turns).

Renzlar the Blocker (Gnoll Fighter)                Turns: 17255, Time: 01:40:30

Health: 0/121      AC: 21    Str: 25    XL:     15   Next: 42%
Magic:  29/29      EV: 14    Int:  9    God:    Okawaru [******]
Gold:   1130       SH: 10    Dex: 13    Spells: 17/34 levels left

rFire   + . .        a - +3 war axe (flame)
rCold   + . .        m - +3 warlock's mirror {omnireflect}
rNeg    . . .        P - +2 scale mail of Gravitas {Regen+ Int+2}
rPois   +            L - +2 helmet of Tazaddix {rPois rF+ Regen+ Int-3}
rElec   .            j - +2 cloak "Jobygip" {Rampage rPois rC+ Stlth+}
rCorr   .            t - +0 pair of gloves
SInv    .            D - +0 pair of boots
Will    +....        J - amulet of regeneration
Stlth   ++++         E - +6 ring of strength
HPRegen 0.00/turn    s - ring of poison resistance
MPRegen 0.21/turn

%: reflection, rampage
@: sick, wreathed by umbra, unable to drink
A: fangs 1, strong nose, distributed training, inability to drink after injury 2
a: Renounce Religion, Heroism, Finesse, Duel


You were on level 2 of the Abyss.
You worshipped Okawaru.
Okawaru was exalted by your worship.
You visited 4 branches of the dungeon, and saw 19 of its levels.
You visited the Abyss 1 time.

You collected 1970 gold pieces.
You spent 840 gold pieces at shops.

Inventory:

Hand Weapons
 a - a +3 war axe of flaming (weapon)
 b - a +3 dagger of freezing
 c - the +3 greatsling "Punk" {acid, rCorr}
   (You acquired it on level 5 of the Dungeon)

   rCorr:     It protects you from acid and corrosion.
 n - a +2 war axe of electrocution
 N - the +7 mace "Ricvusuf" {heavy, rPois Str+5}
   (You found it on level 1 of the Lair of Beasts)

   Str:       It affects your strength (+5).
   rPois:     It protects you from poison.
Missiles
 g - 47 poisoned darts (quivered)
 y - 4 throwing nets
Armour
 j - the +2 cloak "Jobygip" (worn) {Rampage rPois rC+ Stlth+}
   (You found it on level 2 of the Dungeon)

   rC:        It protects you from cold.
   rPois:     It protects you from poison.
   Rampage:   It bestows one free step when moving towards enemies.
   Stlth:     It makes you more stealthy.
 m - the +3 warlock's mirror (worn) {omnireflect}
   (Okawaru gifted it to you on level 9 of the Dungeon)

   Omnireflect: It can block and reflect piercing ranged attacks and magical
   attacks against the wielder's willpower.
 t - a +0 pair of gloves (worn)
 u - a +4 scale mail of cold resistance
 D - a +0 pair of boots (worn)
 L - the +2 helmet of Tazaddix (worn) {rPois rF+ Regen+ Int-3}
   (You found it on level 9 of the Dungeon)

   Int:       It affects your intelligence (-3).
   rF:        It protects you from fire.
   rPois:     It protects you from poison.
   Regen:     It increases your rate of health regeneration.
 P - the +2 scale mail of Gravitas (worn) {Regen+ Int+2}
   (Okawaru gifted it to you on level 5 of the Lair of Beasts)

   Int:       It affects your intelligence (+2).
   Regen:     It increases your rate of health regeneration.
Jewellery
 k - a ring of positive energy
 q - a ring of protection from fire
 s - a ring of poison resistance (right hand)
 w - a ring of resist corrosion
 A - a ring of ice
 E - a +6 ring of strength (left hand)
 J - an amulet of regeneration (around neck)
Wands
 G - a wand of iceblast (6)
 M - a wand of light (6)
Scrolls
 e - a scroll of silence
 h - 3 scrolls of magic mapping
 l - 2 scrolls of fog
 o - 2 scrolls of poison
 p - 16 scrolls of teleportation
 r - a scroll of amnesia
 B - a scroll of enchant armour
 F - 16 scrolls of identify
 I - 2 scrolls of fear
 O - a scroll of blinking
Potions
 d - 3 potions of might
 f - a potion of resistance
 i - 4 potions of curing
 v - a potion of invisibility
 x - a potion of flight
 z - 8 potions of heal wounds
 C - 4 potions of lignification
 K - a potion of magic


   Skills:
 + Level 12.2 Fighting
 + Level 10.4 Short Blades
 + Level 10.4 Long Blades
 + Level 11.4 Axes
 + Level 10.4 Maces & Flails
 + Level 10.4 Polearms
 + Level 10.4 Staves
 + Level 10.4 Ranged Weapons
 + Level 10.4 Throwing
 + Level 12.2 Armour
 + Level 10.4 Dodging
 + Level 10.4 Stealth
 + Level 12.2 Shields
 + Level 10.4 Unarmed Combat
 + Level 10.4 Spellcasting
 + Level 8.8 Conjurations
 + Level 8.8 Hexes
 + Level 8.8 Summonings
 + Level 8.8 Necromancy
 + Level 8.8 Translocations
 + Level 8.8 Transmutations
 + Level 8.8 Fire Magic
 + Level 8.8 Ice Magic
 + Level 8.8 Air Magic
 + Level 8.8 Earth Magic
 + Level 8.8 Poison Magic
 + Level 11.3 Invocations
 + Level 10.4 Evocations


You had 17 spell levels left.
You knew the following spells:

 Your Spells              Type           Power      Damage    Failure   Level
a - Silence               Hex/Air        10%        N/A       22%         5
b - Frozen Ramparts       Ice            40%        1d7       2%          3
c - Flame Wave            Conj/Fire      20%        2d7       9%          4
d - Freezing Cloud        Conj/Ice/Air   10%        6-21      22%         5

Your spell library contained the following spells:

 Spells                   Type           Power      Damage    Failure   Level
 Magic Dart               Conj           80%        1d7       1%          1
 Cigotuvi's Dreadful Rot  Necr/Pois/Air  40%        N/A       1%          2
 Poisonous Vapours        Pois/Air       40%        N/A       1%          2
 Scorch                   Fire           40%        2d6       1%          2
 Dazzling Flash           Conj/Hex       40%        N/A       2%          3
 Ignite Poison            Fire/Tmut/Pois 20%        N/A       2%          3
 Mephitic Cloud           Conj/Pois/Air  20%        N/A       2%          3
 Spider Form              Tmut/Pois      20%        N/A       2%          3
 Stone Arrow              Conj/Erth      40%        3d9       2%          3
 Volatile Blastmotes      Fire/Tloc      40%        2d13      2%          3
 Fulminant Prism          Conj/Hex       10%        3d8       9%          4
 Ice Form                 Ice/Tmut       20%        N/A       9%          4
 Iskenderun's Mystic Bla  Conj/Tloc      20%        2d6       9%          4
 Leda's Liquefaction      Hex/Erth       10%        N/A       9%          4
 Agony                    Necr           20%        N/A       22%         5
 Lee's Rapid Deconstruct  Erth           10%        3d8*      22%         5
 Yara's Violent Unravell  Hex/Tmut       10%        3d6       22%         5
 Eringya's Noxious Bog    Tmut/Pois      10%        N/A       77%         6
 Statue Form              Tmut/Erth      13%        N/A       77%         6
 Orb of Destruction       Conj           10%        9d6       100%        7
 Lehudib's Crystal Spear  Conj/Erth      10%        10d4      100%        8
 Call Imp                 Summ           Unusable   N/A       N/A         2
 Summon Guardian Golem    Hex/Summ       Unusable   N/A       N/A         3
 Animate Armour           Summ/Erth      Unusable   N/A       N/A         4
 Summon Ice Beast         Ice/Summ       Unusable   N/A       N/A         4
 Summon Cactus Giant      Summ           Unusable   N/A       N/A         6
 Spellforged Servitor     Conj/Summ      Unusable   N/A       N/A         7

Dungeon Overview and Level Annotations

Branches:
Dungeon (11/15)            Temple (1/1) D:4            Lair (5/5) D:11
 Shoals (0/4) Lair:2        Snake (0/4) Lair:2        Slime (0/5) Lair:5
    Orc (2/2) D:11
    Elf: Orc:2

Altars:
Ashenzari
Cheibriados
Dithmenos
Elyvilon
Fedhas
Gozag
Hepliaklqana
Kikubaaqudgha
Makhleb
Nemelex Xobeh
Okawaru
Qazlal
Ru
Sif Muna
Trog
Uskayaw
Vehumet
Wu Jian
Xom
Yredelemnul
Zin
The Shining One
Jiyva

Shops:
D:1 ?   D:3 :   D:6 [   Orc:1 ((

Annotations:
Orc:2 Sonja


Innate Abilities, Weirdness & Mutations

You have very sharp teeth.
Your uncanny sense of smell can sniff out nearby items.
Your experience applies equally to all skills.
You sometimes lose the ability to drink potions when taking damage.


Message History

You hit the profane servitor but do no damage.
You slash the raiju! You burn the raiju. You miss the tormentor.
You block the profane servitor's attack.
The profane servitor hits you but does no damage.
The tormentor misses you. You block the tormentor's attack.
The worldbinder calls forth creatures from the Crypt!
Unknown command.
Unknown command.
You barely miss the profane servitor. Your bite misses the profane servitor.
You miss the raiju. You hit the tormentor. You burn the tormentor.
You barely miss the freezing wraith.
The skeletal warrior disappears in a puff of smoke!
The freezing wraith disappears in a puff of smoke!
The profane servitor hits you but does no damage.
You block the profane servitor's attack.
The raiju bites you.
* * * LOW HITPOINT WARNING * * *
The raiju shocks you!
* * * LOW HITPOINT WARNING * * *
You block the tormentor's attack. The tormentor completely misses you.
You block the profane servitor's attack.
The profane servitor barely misses you.
You completely miss the profane servitor.
You miss the raiju. You barely miss the tormentor.
You hit the freezing wraith but do no damage.
The tormentor hits you but does no damage.
You block the tormentor's attack. The freezing wraith barely misses you.
You block the freezing wraith's attack. The raiju bites you but does no damage.
The profane servitor barely misses you. The profane servitor misses you.
Unknown command.
You slash the profane servitor! You burn the profane servitor.
The profane servitor is lightly damaged.
You hit the raiju. You burn the raiju. You slash the tormentor!
You slash the worldbinder! You burn the worldbinder.
You slash the freezing wraith! You burn the freezing wraith.
The tormentor calls on the powers of darkness!
Your body is wracked with pain!
* * * LOW HITPOINT WARNING * * *
The profane servitor hits you with a +1 whip!
You die...

. ... ......... ...
. ..ยง.... #.....
.....# .
##...###...## ##
...#.....#.....##..#
...........W......##
..........hxW......
....A.....zA@.....#
.. #.....#.2...#.#..
##...###...## # ....
.....#
..............#
................. .
.. ..........###
..#.....#.....#.


You could see a profane servitor, a skeletal warrior (summoned), 2 freezing
wraiths, a worldbinder, a tormentor and a raiju.

Vanquished Creatures
  Rupert (Orc:2)
  A shard shrike skeleton (Abyss:2)
  Gastronok (Lair:3)
  7 dire elephants (Lair:5)
  Harold (D:9)
  4 hydras
  A catoblepas (Lair:5)
  8 two-headed ogres
  6 death yaks (Lair:1)
  3 boulder beetles
  Urug (Orc:2)
  An orc high priest (Orc:1)
  A spectral anaconda (Lair:5)
  A skyshark (Lair:4)
  A skeletal warrior (D:9)
  A spectral death yak (Lair:5)
  A lindwurm (Lair:2)
  An obsidian statue (Lair:5)
  A deep elf pyromancer (D:9)
  A wolf spider (Lair:5)
  2 starcursed masses (Abyss:2)
  The ghost of safid the Chiller, a novice MfIE of Vehumet (D:6)
  An orc sorcerer (Orc:1)
  A salamander (Lair:2)
  3 necromancers (Lair:5)
  An ugly thing (D:9)
  3 cyclopes (D:10)
  A large abomination (Abyss:2)
  21 elephants
  A dire elephant zombie (Lair:5)
  A merfolk siren (Lair:2)
  3 black mambas
  A torpor snail (Lair:5)
  A smoke demon (Abyss:2)
  6 cane toads
  2 komodo dragons
  4 rime drakes
  3 kobold demonologists (D:9)
  An ancient zyme (Abyss:2)
  A polar bear (Lair:4)
  5 trolls
  2 raiju (Abyss:2)
  6 dream sheep (Lair:5)
  19 blink frogs
  A spectral elephant (Lair:5)
  Sigmund (D:6)
  2 vampires
  2 wraiths (D:9)
  6 wyverns
  A dire elephant simulacrum (Lair:5)
  3 shadows
  35 yaks
  5 basilisks
  A death yak simulacrum (Lair:5)
  2 acid dragons
  3 wargs
  25 water moccasins
  An ice beast (D:8)
  A sky beast (D:6)
  A swamp drake (Lair:2)
  23 orc warriors
  3 elephant zombies (Lair:5)
  3 black bears
  11 wolves (Lair:5)
  4 centaurs
  7 ogres
  A phantom (D:5)
  5 kobold brigands
  Blork the orc (D:4)
  2 gnoll sergeants
  2 scorpions
  11 bullfrogs
  16 wights
  An elephant simulacrum (Lair:5)
  19 killer bees
  2 howler monkeys
  4 electric eels
  A crimson imp (Abyss:2)
  2 lava snakes (Lair:2)
  2 quasits (D:6)
  A jelly (D:5)
  5 hounds
  4 gnoll boudas
  12 orc priests
  5 iguanas
  17 orc wizards
  Robin (D:2)
  27 gnolls
  24 adders
  A shadow imp (D:6)
  3 ufetubi
  3 worms (D:2)
  2 dart slugs
  71 orcs
  6 ball pythons
  3 bats
  A bat zombie (D:6)
  6 endoplasms
  3 giant cockroaches (D:4)
  8 goblins
  8 hobgoblins
  4 jackals (D:1)
  25 kobolds
  6 quokkas
  3 training dummies (Orc:1)
  2 frilled lizards
  7 rats
  2 rat zombies (D:6)
603 creatures vanquished.

Vanquished Creatures (others)
  An adder (Lair:2)
1 creature vanquished.

Grand Total: 604 creatures vanquished

Notes
Turn   | Place    | Note
-------+----------+-------------------------------------------
     0 | D:1      | Renzlar the Gnoll Fighter began the quest for the Orb.
     0 | D:1      | Reached XP level 1. HP: 23/23 MP: 1/1
    64 | D:1      | Reached XP level 2. HP: 28/29 MP: 2/2
   425 | D:1      | Reached XP level 3. HP: 34/35 MP: 3/3
   512 | D:1      | Found The Oracle's Delphic Readings.
   732 | D:2      | Reached skill level 1 in Invocations
   883 | D:2      | Reached skill level 1 in Short Blades
   883 | D:2      | Reached skill level 1 in Long Blades
   883 | D:2      | Reached skill level 1 in Maces & Flails
   883 | D:2      | Reached skill level 1 in Polearms
   883 | D:2      | Reached skill level 1 in Staves
   883 | D:2      | Reached skill level 1 in Ranged Weapons
   883 | D:2      | Reached skill level 1 in Throwing
   883 | D:2      | Reached skill level 1 in Dodging
   883 | D:2      | Reached skill level 1 in Stealth
   883 | D:2      | Reached skill level 1 in Unarmed Combat
   883 | D:2      | Reached skill level 1 in Spellcasting
   883 | D:2      | Reached skill level 1 in Evocations
   912 | D:2      | Identified the +2 cloak "Jobygip" {Rampage rPois rC+
                  | Stlth+}
   939 | D:2      | Reached XP level 4. HP: 41/41 MP: 5/5
  1110 | D:2      | Noticed Robin
  1117 | D:2      | Reached skill level 1 in Conjurations
  1117 | D:2      | Reached skill level 1 in Hexes
  1117 | D:2      | Reached skill level 1 in Summonings
  1117 | D:2      | Reached skill level 1 in Necromancy
  1117 | D:2      | Reached skill level 1 in Translocations
  1117 | D:2      | Reached skill level 1 in Transmutations
  1117 | D:2      | Reached skill level 1 in Fire Magic
  1117 | D:2      | Reached skill level 1 in Ice Magic
  1117 | D:2      | Reached skill level 1 in Air Magic
  1117 | D:2      | Reached skill level 1 in Earth Magic
  1117 | D:2      | Reached skill level 1 in Poison Magic
  1123 | D:2      | Killed Robin
  1665 | D:3      | Reached XP level 5. HP: 45/47 MP: 7/7
  1999 | D:3      | Found a sacrificial altar of Ru.
  2082 | D:3      | Found a faded altar of an unknown god.
  2298 | D:3      | Found Afin's Book Emporium.
  2574 | D:4      | Reached XP level 6. HP: 47/53 MP: 8/8
  2586 | D:4      | Reached skill level 5 in Axes
  2681 | D:4      | Found a staircase to the Ecumenical Temple.
  2690 | Temple   | Entered the Ecumenical Temple
  2690 | Temple   | Found a transporter.
  2690 | Temple   | Found a transporter.
  2692 | Temple   | Found a transporter.
  2692 | Temple   | Found a transporter.
  2720 | Temple   | Became a worshipper of Warmaster Okawaru
  2833 | D:4      | Noticed an orc warrior
  2868 | Temple   | Killed an orc warrior
  2869 | Temple   | Reached XP level 7. HP: 41/60 MP: 10/10
  2949 | D:4      | Learned a level 5 spell: Silence
  3019 | D:4      | Noticed Blork the orc
  3110 | D:4      | Killed Blork the orc
  3315 | D:5      | Entered Level 5 of the Dungeon
  3381 | D:5      | Found a bloodstained altar of Trog.
  3490 | D:5      | Reached * piety under Okawaru
  3628 | D:5      | Reached XP level 8. HP: 67/67 MP: 12/12
  3638 | D:5      | Noticed a wyvern
  3647 | D:5      | Killed a wyvern
  3743 | D:5      | Reached ** piety under Okawaru
  3790 | D:5      | Noticed a two-headed ogre
  3809 | D:5      | Killed a two-headed ogre
  3809 | D:5      | Reached *** piety under Okawaru
  3810 | D:5      | Reached XP level 9. HP: 59/73 MP: 11/14
  4100 | D:5      | Found a hazy altar of Hepliaklqana.
  4224 | D:5      | Identified a scroll of acquirement
  4224 | D:5      | Acquired the +3 greatsling "Punk" {acid, rCorr}
  4224 | D:5      | Found the +3 greatsling "Punk" {acid, rCorr}
  4241 | D:6      | Found a transporter.
  4263 | D:6      | Noticed safid's ghost (novice MfIE)
  4594 | D:6      | Found a transporter.
  4913 | D:6      | Reached skill level 5 in Invocations
  4960 | D:6      | Found Leitaiso's Antique Armour Emporium.
  4967 | D:6      | Bought a translucent ring mail for 252 gold pieces
  4967 | D:6      | Identified the +0 ring mail "Aradieme" {Str+8} (You bought
                  | it in a shop on level 6 of the Dungeon)
  5098 | D:6      | Reached **** piety under Okawaru
  5120 | D:6      | Noticed Sigmund
  5132 | D:6      | Killed Sigmund
  5193 | D:6      | Found an ancient bone altar of Kikubaaqudgha.
  5332 | D:6      | Killed safid's ghost
  5333 | D:6      | Reached skill level 5 in Short Blades
  5333 | D:6      | Reached skill level 5 in Long Blades
  5333 | D:6      | Reached skill level 5 in Maces & Flails
  5333 | D:6      | Reached skill level 5 in Polearms
  5333 | D:6      | Reached skill level 5 in Staves
  5333 | D:6      | Reached skill level 5 in Ranged Weapons
  5333 | D:6      | Reached skill level 5 in Throwing
  5333 | D:6      | Reached skill level 5 in Dodging
  5333 | D:6      | Reached skill level 5 in Stealth
  5333 | D:6      | Reached skill level 5 in Unarmed Combat
  5333 | D:6      | Reached skill level 5 in Spellcasting
  5333 | D:6      | Reached skill level 5 in Evocations
  5333 | D:6      | Reached XP level 10. HP: 48/81 MP: 17/17
  5790 | D:7      | Found a glowing silver altar of Zin.
  5902 | D:7      | Found a shadowy altar of Dithmenos.
  5933 | D:7      | Found a broken altar of Ashenzari.
  6441 | D:8      | Reached ***** piety under Okawaru
  6766 | D:8      | Found a blossoming altar of Fedhas.
  7301 | D:9      | Noticed Harold
  7321 | D:9      | Killed Harold
  7331 | D:9      | Reached skill level 5 in Conjurations
  7331 | D:9      | Reached skill level 5 in Hexes
  7331 | D:9      | Reached skill level 5 in Summonings
  7331 | D:9      | Reached skill level 5 in Necromancy
  7331 | D:9      | Reached skill level 5 in Translocations
  7331 | D:9      | Reached skill level 5 in Transmutations
  7331 | D:9      | Reached skill level 5 in Fire Magic
  7331 | D:9      | Reached skill level 5 in Ice Magic
  7331 | D:9      | Reached skill level 5 in Air Magic
  7331 | D:9      | Reached skill level 5 in Earth Magic
  7331 | D:9      | Reached skill level 5 in Poison Magic
  7338 | D:9      | Reached XP level 11. HP: 60/89 MP: 20/20
  7343 | D:9      | Received a gift from Okawaru
  7641 | D:9      | Noticed a two-headed ogre
  7653 | D:9      | Killed a two-headed ogre
  7818 | D:9      | Noticed a five-headed hydra
  7822 | D:9      | Noticed a cyan ugly thing
  7825 | D:9      | Killed a five-headed hydra
  7835 | D:9      | Killed a cyan ugly thing
  7838 | D:9      | Identified the +2 helmet of Tazaddix {rPois rF+ Regen+
                  | Int-3}
  7854 | D:9      | Received a gift from Okawaru
  7854 | D:9      | Noticed a deep elf pyromancer
  7859 | D:9      | Killed a deep elf pyromancer
  7861 | D:9      | Noticed a skeletal warrior
  7907 | D:9      | Killed a skeletal warrior
  7907 | D:9      | Received a gift from Okawaru
  8011 | D:9      | Got the Verses on Pestilence
  8163 | D:9      | Noticed a sun demon
  8167 | D:9      | Noticed a soul eater
  8210 | D:9      | Found an ornate altar of the Wu Jian Council.
  8343 | D:9      | Received a gift from Okawaru
  8343 | D:9      | Found the +3 warlock's mirror {omnireflect}
  8462 | D:10     | Entered Level 10 of the Dungeon
  8569 | D:10     | Learned a level 3 spell: Frozen Ramparts
  8669 | D:10     | Noticed a two-headed ogre
  8676 | D:10     | Killed a two-headed ogre
  8677 | D:10     | Reached XP level 12. HP: 85/97 MP: 22/22
  8989 | D:10     | Noticed a two-headed ogre
  9000 | D:10     | Killed a two-headed ogre
  9002 | D:10     | Noticed a two-headed ogre
  9031 | D:10     | Reached skill level 10 in Fighting
  9031 | D:10     | Reached skill level 10 in Armour
  9031 | D:10     | Reached skill level 10 in Shields
  9139 | D:10     | Noticed a two-headed ogre
  9147 | D:10     | Killed a two-headed ogre
  9290 | D:10     | Killed a two-headed ogre
  9543 | D:11     | Found a staircase to the Orcish Mines.
  9616 | D:11     | Found a staircase to the Lair.
  9631 | D:11     | Noticed a boulder beetle
  9640 | D:11     | Killed a boulder beetle
  9654 | D:11     | Noticed a two-headed ogre
  9663 | D:11     | Killed a two-headed ogre
  9663 | D:11     | Received a gift from Okawaru
 10178 | Lair:1   | Entered Level 1 of the Lair of Beasts
 10321 | Lair:1   | Reached ****** piety under Okawaru
 10342 | Lair:1   | Reached XP level 13. HP: 89/104 MP: 25/25
 10761 | Lair:1   | Identified the +7 mace "Ricvusuf" {heavy, rPois Str+5}
 11300 | Lair:2   | Received a gift from Okawaru
 11439 | Lair:2   | Reached skill level 10 in Axes
 11439 | Lair:2   | Gained mutation: You are partially covered in iridescent
                  | scales. (AC +2) [potion of mutation]
 11439 | Lair:2   | Gained mutation: You are vulnerable to heat. (rF-) [potion
                  | of mutation]
 11439 | Lair:2   | Gained mutation: You passively map a small area around you.
                  | [potion of mutation]
 11440 | Lair:2   | Lost mutation: You passively map a small area around you.
                  | [potion of mutation]
 11440 | Lair:2   | Lost mutation: You are partially covered in iridescent
                  | scales. (AC +2) [potion of mutation]
 11440 | Lair:2   | Gained mutation: Your mind is acute. (Int +4, Str/Dex -1)
                  | [potion of mutation]
 11441 | Lair:2   | Lost mutation: Your mind is acute. (Int +4, Str/Dex -1)
                  | [potion of mutation]
 11441 | Lair:2   | Lost mutation: You are vulnerable to heat. (rF-) [potion of
                  | mutation]
 11441 | Lair:2   | Gained mutation: You have hidden genetic defects. [potion
                  | of mutation]
 11500 | Lair:2   | Found a staircase to the Snake Pit.
 11710 | Lair:2   | Found a staircase to the Shoals.
 11996 | Lair:2   | Received a gift from Okawaru
 12395 | Lair:3   | Gained mutation: You occasionally lose the ability to drink
                  | potions when taking damage. [hidden defects]
 12652 | Lair:3   | Reached XP level 14. HP: 84/113 MP: 27/27
 12654 | Lair:3   | Reached skill level 10 in Invocations
 12691 | Lair:3   | Noticed Gastronok
 12709 | Lair:3   | Killed Gastronok
 13141 | Lair:4   | Gained mutation: You sometimes lose the ability to drink
                  | potions when taking damage. [hidden defects]
 13141 | Lair:4   | Lost mutation: You have hidden genetic defects. [hidden
                  | defects expressed]
 13260 | Lair:4   | Learned a level 4 spell: Flame Wave
 13438 | Lair:4   | Received a gift from Okawaru
 13951 | D:3      | Bought the Vellum of the Gestalt for 588 gold pieces
 14340 | Lair:5   | Entered Level 5 of the Lair of Beasts
 14469 | Lair:5   | Received a gift from Okawaru
 14568 | Lair:5   | Found a viscous altar of Jiyva.
 14569 | Lair:5   | Found a staircase to the Slime Pits.
 14726 | Lair:5   | Noticed a dire elephant
 14726 | Lair:5   | Noticed a dire elephant
 14726 | Lair:5   | Noticed a dire elephant
 14728 | Lair:5   | Noticed a dire elephant
 14728 | Lair:5   | Noticed a dire elephant
 14747 | Lair:5   | Killed a dire elephant
 14881 | Lair:5   | Noticed a dire elephant
 14918 | Lair:5   | Killed a dire elephant
 15070 | Lair:5   | Identified the +2 scale mail of Gravitas {Regen+ Int+2}
                  | (Okawaru gifted it to you on level 5 of the Lair of Beasts)
 15070 | Lair:5   | Received a gift from Okawaru
 15123 | Lair:5   | Killed a dire elephant
 15137 | Lair:5   | Killed a dire elephant
 15162 | Lair:5   | Killed a dire elephant
 15213 | Lair:5   | Killed a dire elephant
 15277 | Lair:5   | Noticed a dire elephant
 15287 | Lair:5   | Killed a dire elephant
 15354 | Lair:5   | Learned a level 5 spell: Freezing Cloud
 15369 | Lair:5   | Reached skill level 10 in Short Blades
 15369 | Lair:5   | Reached skill level 10 in Long Blades
 15369 | Lair:5   | Reached skill level 10 in Maces & Flails
 15369 | Lair:5   | Reached skill level 10 in Polearms
 15369 | Lair:5   | Reached skill level 10 in Staves
 15369 | Lair:5   | Reached skill level 10 in Ranged Weapons
 15369 | Lair:5   | Reached skill level 10 in Throwing
 15369 | Lair:5   | Reached skill level 10 in Dodging
 15369 | Lair:5   | Reached skill level 10 in Stealth
 15369 | Lair:5   | Reached skill level 10 in Unarmed Combat
 15369 | Lair:5   | Reached skill level 10 in Spellcasting
 15369 | Lair:5   | Reached skill level 10 in Evocations
 15608 | Lair:5   | Reached XP level 15. HP: 116/120 MP: 18/29
 16189 | Orc:1    | Entered Level 1 of the Orcish Mines
 16291 | Orc:1    | Found Bualed's Firing Range.
 16321 | Orc:1    | Received a gift from Okawaru
 16339 | Orc:1    | Found Dofaess's Antique Weapon Shoppe.
 17032 | Orc:2    | Entered Level 2 of the Orcish Mines
 17089 | Orc:2    | Noticed Rupert
 17097 | Orc:2    | Killed Rupert
 17128 | Orc:2    | Noticed Sonja
 17134 | Orc:2    | Noticed Urug
 17146 | Orc:2    | Killed Urug
 17147 | Abyss:2  | Cast into level 2 of the Abyss (Sonja)
 17244 | Abyss:2  | Noticed a profane servitor
 17251 | Abyss:2  | Received a gift from Okawaru
 17255 | Abyss:2  | Slain by a profane servitor

Illustrated notes

Levels and vault maps discovered:
D:1:      dpeg_arrival_tiny_f, layout_loops_cross, nicolae_nh_oracle_at_delphi
D:2:      layout_loops_ring, uniq_robin
D:3:      layout_basic, mainiacjoe_overflow_cross_hatched,
          shapermc_ecumenical_altar_totnotflames, serial_shops,
          nicolae_shop_tiny_waterfront
D:4:      layout_rooms, minmay_temple_entry_tees, guppyfry_early_orc_mine,
          uniq_blork_the_orc
D:5:      cheibrodos_fzero, layout_cave_pools, nicolae_overflow_crystal_walls,
          nicolae_hepliaklqana_hippocampus, nicolae_elevator_lobby_asterisk
D:6:      layout_loops_ring, lemuel_zombie_altar_kikubaaqudgha,
          gammafunk_ghost_stat_death, serial_shops,
          nicolae_shop_tiny_real_fake_doors, kennysheep_generic_room_14,
          uniq_sigmund
D:7:      layout_cave_pools, kennysheep_mini, mainiacjoe_overflow_two_lobes,
          minmay_between
D:8:      layout_loops_corners, fedhas_bush_and_centaur_altar
D:9:      minmay_the_grid_octo_triangle [minmay_the_grid_octo_fan_narrow,
          minmay_the_grid_octo_prize_single_spiral,
          minmay_the_grid_octo_fat_diamond], layout_basic,
          pdpol_wu_jian_five_deadly_venoms, uniq_harold
D:10:     layout_roguey, hellmonk_guarded_unrand_dark_maul
D:11:     layout_roguey [special_room_orc], lair_entry_dummy,
          serial_bayou_ford_a, hangedman_decor_diamond_cutter,
          minmay_statues_item, solitary_fountain
Temple:   hellmonk_temple_divided_pantheon
Lair:1:   layout_cave_pods
Lair:2:   lemuel_reptile_caves, layout_regular_city,
          minmay_shoals_entry_lonely_mermaid, nicolae_snake_entry_warm_welcome
Lair:3:   layout_gridlike, lemuel_fruit_fields, uniq_gastronok
Lair:4:   layout_regular_city, nzn_random_ring, serial_bayou_shore_b,
          infiniplex_staircase_pool_2
Lair:5:   due_jungle_book, layout_gridlike, slime_entry_1,
          nicolae_lair_run_with_the_wolves
Orc:1:    minmay_goldmine, layout_caves, serial_shops, shop,
          nicolae_shop_firing_range
Orc:2:    pf_orc_diabolical, layout_caves, basic_altar, minmay_orc_treasury,
          uniq_urug, uniq_rupert, uniq_sonja
Abyss:2:  base: Lair:4, minivault_28

Skill      XL: |  1  2  3  4  5  6  7  8  9 10 11 12 13 14 15 |
---------------+----------------------------------------------+-----
Invocations    | 1 2 3 4 5 6 7 8 9 10 11 | 11.3
Short Blades   | 1 2 3 5 6 7 8 9 10 | 10.4
Long Blades    | 1 2 3 5 6 7 8 9 10 | 10.4
Maces & Flails | 1 2 3 5 6 7 8 9 10 | 10.4
Polearms       | 1 2 3 5 6 7 8 9 10 | 10.4
Staves         | 1 2 3 5 6 7 8 9 10 | 10.4
Ranged Weapons | 1 2 3 5 6 7 8 9 10 | 10.4
Throwing       | 1 2 3 5 6 7 8 9 10 | 10.4
Dodging        | 1 2 3 5 6 7 8 9 10 | 10.4
Stealth        | 1 2 3 5 6 7 8 9 10 | 10.4
Unarmed Combat | 1 2 3 5 6 7 8 9 10 | 10.4
Spellcasting   | 1 2 3 5 6 7 8 9 10 | 10.4
Evocations     | 1 2 3 5 6 7 8 9 10 | 10.4
Conjurations   | 1 2 3 4 5 6 7 8 |  8.8
Hexes          | 1 2 3 4 5 6 7 8 |  8.8
Summonings     | 1 2 3 4 5 6 7 8 |  8.8
Necromancy     | 1 2 3 4 5 6 7 8 |  8.8
Translocations | 1 2 3 4 5 6 7 8 |  8.8
Transmutations | 1 2 3 4 5 6 7 8 |  8.8
Fire Magic     | 1 2 3 4 5 6 7 8 |  8.8
Ice Magic      | 1 2 3 4 5 6 7 8 |  8.8
Air Magic      | 1 2 3 4 5 6 7 8 |  8.8
Earth Magic    | 1 2 3 4 5 6 7 8 |  8.8
Poison Magic   | 1 2 3 4 5 6 7 8 |  8.8
Axes           | 5 6 7 8 9 10 11 | 11.4
Fighting       | 7 8 9 10 11 12 | 12.2
Armour         | 7 8 9 10 11 12 | 12.2
Shields        | 7 8 9 10 11 12 | 12.2

Action                     |  1- 3 |  4- 6 |  7- 9 | 10-12 | 13-15 || total
---------------------------+-------+-------+-------+-------+-------++-------
  Melee: War axe           |   100 |   126 |   126 |    59 |   244 ||   655
         Bite              |     6 |    10 |    10 |     9 |    78 ||   113
         Mace              |       |       |       |       |   275 ||   275
         Dagger            |       |       |       |       |     2 ||     2
   Fire: Sling             |       |    33 |    55 |       |       ||    88
         Greatsling        |       |       |    83 |   605 |   535 ||  1223
  Throw: Dart              |       |     3 |     5 |       |     1 ||     9
   Cast: Frozen Ramparts   |       |       |       |     2 |     9 ||    11
         Flame Wave        |       |       |       |       |     4 ||     4
         Freezing Cloud    |       |       |       |       |     2 ||     2
         Silence           |       |       |       |       |     3 ||     3
 Invoke: Heroism           |       |       |     2 |     4 |     2 ||     8
    Use: Scroll            |     7 |     6 |     8 |     7 |     3 ||    31
         Potion            |       |     1 |     1 |     1 |     4 ||     7
   Stab: Sleeping          |       |     1 |       |       |     2 ||     3
         Confused          |       |       |       |       |     1 ||     1
 Armour: Scale mail        |    40 |    59 |    99 |   175 |   400 ||   773
  Dodge: Dodged            |    44 |    43 |   124 |   205 |   455 ||   871
  Block: Buckler           |    21 |    34 |    65 |   133 |   418 ||   671
         Reflection        |       |       |       |     6 |    10 ||    16
